Map: Triton LE

Players

Maru

  • Race: Terran Terran
  • Spawn Location: 11:00

Rogue - Winner!

  • Race: Zerg Zerg
  • Spawn Location: 5:00

Event: IEM Katowice 2020

VOD

Have the link to the VOD?

Description

Time

  • Played on: March 1, 2020, 6:28 a.m.
  • Length: 14:43

All games in this series

Show
View Real Time Build Order
Export as new Build Order

Maru Terran 

Build Orders: Reaper Expand, Hellion Banshee 

Get SALT Encoding   

  12  0:00  SCV  
  13  0:12  SCV  
  14  0:17  Supply Depot  
  14  0:25  SCV  
  15  0:38  SCV  
  15  0:40  Barracks  
  16  0:47  Refinery  
  16  0:50  SCV  
  17  1:02  SCV  
  18  1:14  SCV  
  19  1:27  Orbital Command  
  19  1:29  Reaper  
  20  1:37  Command Center  
  20  1:51  Supply Depot  
  20  1:53  SCV  
  21  2:01  Marine  
  22  2:05  SCV  
  22  2:07  Factory  
  23  2:17  SCV  
  23  2:18  Refinery  
  25  2:23  Engineering Bay  
  25  2:30  SCV  
  25  2:33  Barracks Reactor  
  25  2:42  SCV  
  26  2:51  Orbital Command  
  26  2:52  Hellion  
  26  2:54  SCV  
  26  2:55  Starport  
  29  3:06  SCV  
  30  3:17  SCV  
  30  3:18  SCV  
  32  3:21  Hellion x2  
  32  3:23  Barracks Tech Lab  
  36  3:27  Supply Depot  
  36  3:29  SCV  
  36  3:33  SCV  
  38  3:44  Cloaking Field  
  38  3:45  Banshee  
  38  3:46  SCV x2  
  38  3:47  Barracks Tech Lab  
  43  3:50  Supply Depot, Hellion x2  
  47  3:58  SCV x2  
  49  4:05  Marine  
  49  4:06  Stimpack  
  50  4:10  SCV  
  50  4:14  Command Center  
  51  4:18  Hellion  
  51  4:19  Hellion  
  51  4:21  SCV  
  51  4:22  SCV  
  57  4:29  Supply Depot  
  57  4:30  Banshee  
  60  4:36  Armory  
  60  4:41  Hellion  
  62  4:50  SCV, Supply Depot  
  62  4:51  SCV, Hellion  
  66  4:55  Marine  
  67  5:03  Hellion  
  67  5:05  Barracks x2  
  67  5:06  SCV  
  70  5:12  SCV, Hellion  
  73  5:18  SCV  
  74  5:24  Engineering Bay  
  74  5:25  Starport Reactor  
  74  5:26  Engineering Bay  
  74  5:27  Orbital Command  
  74  5:30  SCV x2  
  76  5:39  Factory Reactor  
  76  5:42  SCV  
  77  5:43  SCV  
  77  5:46  Marine  
  78  5:54  Combat Shield, SCV  
  78  5:55  SCV, Barracks Reactor  
  63  6:04  Marine  
  63  6:05  Barracks  
  63  6:06  SCV  
  63  6:07  Barracks  
  63  6:08  Terran Infantry Weapons Level 1, Terran Infantry Armor Level 1  
  63  6:11  Refinery  
  57  6:12  Marine x2  
  57  6:15  SCV  
  57  6:17  Refinery, Hellion  
  59  6:19  Hellion  
  59  6:22  Marine  
  62  6:30  Marine x2  
  62  6:31  Marine  
  62  6:32  Marine  
  66  6:36  Medivac x2  
  70  6:40  Marine, Hellion x2  
  70  6:45  SCV x2, Orbital Command  
  77  6:48  Marine x2  
  77  6:49  Marine x2, Supply Depot  
  77  6:50  Supply Depot  
  81  6:57  Marine  
  81  6:58  SCV x2  
  81  7:00  Barracks Reactor  
  81  7:01  Barracks Reactor  
  84  7:04  Hellion  
  84  7:05  Marine, Hellion  
  84  7:06  Marine  
  84  7:07  Marine x2  
  92  7:10  SCV  
  92  7:11  Medivac x2  
  92  7:14  SCV  
  92  7:15  Marine  
  98  7:19  SCV  
  98  7:22  SCV  
  101  7:23  Marine x2  
  101  7:26  SCV  
  101  7:27  Marine x2  
  101  7:28  Widow Mine  
  108  7:32  Supply Depot  
  108  7:33  Marine, Supply Depot  
  108  7:34  Supply Depot, Factory  
  108  7:35  Widow Mine  
  112  7:37  SCV x2  
  112  7:38  SCV  
  112  7:41  Marine x3  
  117  7:51  Supply Depot  
  117  7:54  Marine x3, SCV, Marauder  
  117  7:56  Marine x2  
  122  7:59  Marine x3  
  122  8:02  Widow Mine x2  
  122  8:04  Medivac x2  
  128  8:08  SCV  
  128  8:12  Marine x3  
  127  8:14  Marine x2  
  127  8:18  SCV x2  
  131  8:22  Marine x3  
  131  8:23  Marine  
  131  8:29  Marine x3  
  131  8:32  Marine x2  
  122  8:40  Marine x3  
  122  8:41  Marine  
  123  8:43  Terran Infantry Weapons Level 2  
  123  8:46  Terran Infantry Armor Level 2  
  123  8:47  Marine x3  
  127  8:49  Marine x2  
  127  8:53  Drilling Claws  
  129  8:56  Widow Mine x2  
  129  8:58  Marine x3  
  129  8:59  Marine  
  139  9:08  Marine, Missile Turret  
  135  9:17  Thor, Marauder  
  135  9:18  Widow Mine x2  
  135  9:26  Marine  
  135  9:28  Marine x5  
  135  9:29  Marine x2  
  139  9:35  SCV  
  139  9:36  SCV  
  139  9:38  Marine  
  141  9:39  Medivac, Widow Mine x2  
  141  9:43  Supply Depot  
  141  9:44  Marine, Supply Depot  
  149  9:46  Marine  
  149  9:50  Supply Depot  
  149  10:01  Marine  
  149  10:04  Marine x3, Medivac  
  149  10:05  Marauder  
  156  10:07  SCV  
  156  10:08  Supply Depot  
  156  10:09  Medivac, Widow Mine x2  
  156  10:10  Widow Mine  
  156  10:13  Marine x4  
  169  10:19  Marine  
  170  10:26  Marauder  
  172  10:29  Supply Depot  
  172  10:32  Marine  
  173  10:36  Marine  
  173  10:37  Marine x2  
  173  10:38  Widow Mine  
  173  10:39  Medivac  
  173  10:41  Widow Mine  
  173  10:42  Marine  
  173  10:47  Marauder  
  172  10:52  Marine  
  171  11:02  Marine x2  
  173  11:09  Marine x3, Marauder  
  173  11:10  Widow Mine  
  180  11:14  Widow Mine x2  
  184  11:19  Terran Infantry Armor Level 3, Terran Infantry Weapons Level 3  
  184  11:21  Command Center  
  184  11:25  Marine  
  184  11:28  Command Center  
  184  11:30  Marauder  
  187  11:37  Marine x2  
  189  11:48  Marine x2  
  189  11:51  Marine x3  
  189  11:52  Marine, Marauder  
  161  11:55  Marine  
  161  11:56  Marine  
  156  12:05  Marine x2  
  142  12:09  Marine x3  
  142  12:10  Marine, Thor, Widow Mine x2  
  142  12:11  SCV x2  
  142  12:13  Marine, Medivac x2, Marauder  
  142  12:14  Marine  
  150  12:17  SCV  
  147  12:23  Marine x2  
  150  12:31  Widow Mine x2  
  150  12:34  Concussive Shells, Marauder  
  155  12:43  Marine, Medivac x2  
  160  12:45  Marine x2  
  160  12:49  Orbital Command  
  160  12:56  Widow Mine x3, Marauder  
  160  12:57  SCV  
  160  12:58  SCV  
  168  13:04  Marine  
  169  13:12  Marine x4  
  173  13:13  Marine x3  
  173  13:17  Marine  
  177  13:22  Marine  
  176  13:30  Marine x3  
  177  13:34  Widow Mine x2  
  177  13:35  Widow Mine, Marauder  
  177  13:36  Marine  
  177  13:37  Marine  
  187  13:54  Marine  
  168  13:56  Marauder  
  168  13:57  Marine x2  
  168  13:59  Marine  
  168  14:00  Marine x4  
  125  14:10  Widow Mine x3  
  125  14:12  Marine  
  125  14:14  Marine  
  125  14:15  Marine  
  118  14:17  Marine x3  
  118  14:18  Marine x2, Marauder  
Show
View Real Time Build Order
Export as new Build Order

Rogue Zerg - Winner!

Build Orders: Hatch First, Muta Ling Bane 

Get SALT Encoding   

  12  0:00  Drone  
  13  0:12  Overlord  
  13  0:16  Drone  
  14  0:30  Drone x2  
  16  0:47  Hatchery  
  15  0:50  Drone  
  15  0:53  Drone  
  15  0:56  Drone  
  18  1:07  Extractor  
  17  1:11  Spawning Pool  
  17  1:15  Drone  
  17  1:18  Drone  
  18  1:27  Drone  
  19  1:38  Drone  
  20  1:49  Drone  
  21  1:58  Queen x2  
  21  1:59  Zergling x2  
  21  2:00  Zergling x2  
  27  2:11  Overlord  
  27  2:13  Drone  
  28  2:20  Extractor  
  27  2:23  Drone  
  27  2:26  Metabolic Boost  
  29  2:32  Drone x2  
  29  2:34  Drone  
  29  2:36  Queen  
  32  2:42  Overlord  
  35  2:44  Drone  
  35  2:46  Extractor  
  34  2:54  Drone  
  36  3:02  Extractor  
  36  3:03  Drone  
  36  3:05  Drone x2  
  38  3:10  Drone  
  40  3:12  Hatchery  
  40  3:14  Drone  
  40  3:15  Drone x4  
  44  3:21  Overlord  
  44  3:24  Overlord  
  44  3:39  Queen  
  46  3:41  Zergling x6  
  46  3:43  Drone x3  
  46  3:47  Queen  
  54  3:49  Drone  
  54  3:50  Drone x3  
  54  3:53  Overlord  
  58  3:58  Drone  
  58  4:01  Spore Crawler  
  58  4:05  Drone  
  58  4:06  Extractor, Evolution Chamber  
  58  4:07  Evolution Chamber  
  58  4:09  Zergling x2  
  57  4:11  Zergling x2  
  57  4:12  Overlord  
  58  4:17  Drone x4  
  58  4:18  Drone  
  58  4:21  Queen  
  65  4:26  Queen  
  65  4:28  Drone x2  
  69  4:31  Drone  
  69  4:34  Zerg Ground Armor Level 1  
  69  4:37  Drone x2  
  72  4:40  Spore Crawler  
  72  4:45  Drone x2  
  73  4:47  Lair  
  73  4:53  Spore Crawler  
  73  4:54  Drone x3  
  73  4:55  Drone  
  73  4:58  Overlord  
  73  4:59  Drone  
  77  5:03  Zerg Melee Weapons Level 1  
  77  5:05  Zergling x4  
  77  5:06  Overlord  
  79  5:11  Baneling Nest  
  79  5:13  Roach Warren  
  78  5:18  Baneling Nest  
  78  5:19  Drone x5  
  78  5:20  Drone  
  82  5:21  Spore Crawler  
  82  5:24  Drone  
  82  5:27  Overlord  
  82  5:31  Overlord  
  81  5:36  Extractor  
  81  5:37  Extractor x2  
  81  5:38  Zergling x12, Extractor  
  83  5:46  Zergling x2  
  83  5:47  Zergling x8  
  78  5:57  Zergling x6  
  78  6:01  Queen x2  
  78  6:03  Zergling x12  
  83  6:05  Overseer  
  83  6:09  Drone  
  79  6:13  Drone  
  79  6:15  Drone  
  79  6:17  Spire, Drone  
  80  6:19  Drone  
  81  6:28  Drone x2  
  83  6:33  Zerg Ground Armor Level 2  
  83  6:35  Drone  
  83  6:36  Drone  
  85  6:40  Hatchery, Drone  
  85  6:42  Drone  
  85  6:46  Drone  
  87  6:48  Drone  
  87  6:49  Centrifical Hooks  
  88  6:56  Hatchery  
  88  6:57  Drone x2  
  88  6:58  Drone x2  
  88  7:00  Drone  
  88  7:01  Drone  
  92  7:10  Drone x2  
  94  7:16  Hatchery, Zerg Melee Weapons Level 2, Overlord x2  
  94  7:20  Zergling x6  
  94  7:21  Zergling x2  
  96  7:26  Baneling x4  
  96  7:27  Baneling x3  
  96  7:30  Zergling x10  
  96  7:34  Overlord  
  96  7:35  Zergling x6  
  104  7:42  Zergling x4  
  104  7:43  Baneling x4  
  106  7:44  Overlord  
  106  7:49  Overlord  
  106  7:50  Zergling x4  
  106  7:51  Zergling x2  
  108  7:59  Zergling x12  
  108  8:02  Zergling x8  
  112  8:08  Mutalisk x2  
  112  8:10  Baneling  
  112  8:11  Baneling x11  
  115  8:13  Mutalisk x4  
  115  8:16  Baneling x2  
  115  8:19  Baneling x4  
  123  8:22  Mutalisk  
  123  8:29  Zergling x14  
  123  8:34  Mutalisk x2  
  123  8:36  Drone  
  123  8:37  Drone x2  
  125  8:43  Mutalisk x2  
  125  8:46  Drone  
  125  8:47  Drone  
  131  8:52  Pneumatized Carapace  
  131  8:55  Zergling x16  
  139  8:56  Zergling x2  
  139  9:05  Hatchery, Mutalisk  
  139  9:06  Mutalisk  
  134  9:13  Zergling x14  
  134  9:16  Zergling x2  
  136  9:17  Baneling  
  136  9:18  Baneling x4  
  136  9:20  Zergling x6  
  135  9:28  Zergling x14  
  135  9:30  Mutalisk x2  
  136  9:33  Baneling  
  136  9:34  Zergling x2, Baneling x7  
  136  9:35  Zergling x4  
  139  9:39  Overlord  
  139  9:41  Overlord  
  139  9:43  Overlord  
  137  9:46  Overlord  
  137  9:47  Baneling  
  137  9:48  Baneling x5  
  137  9:51  Overlord  
  137  10:05  Overlord  
  137  10:10  Hatchery  
  137  10:13  Zergling x10  
  137  10:14  Zergling x16  
  149  10:15  Zergling x2  
  149  10:18  Zergling x4  
  149  10:21  Zerg Flyer Weapons Level 1  
  151  10:30  Mutalisk x5  
  151  10:33  Overlord  
  151  10:34  Zergling x4  
  163  10:35  Zergling x2  
  163  10:42  Zergling x2  
  164  10:43  Zergling x10  
  164  10:44  Mutalisk x2  
  169  10:57  Zergling x2  
  169  10:59  Zergling x24  
  169  11:03  Overlord  
  169  11:04  Infestation Pit, Overlord  
  182  11:09  Overlord  
  179  11:11  Spore Crawler  
  178  11:19  Burrow  
  178  11:23  Zergling x2  
  178  11:24  Zergling x22  
  188  11:29  Drone x7  
  195  11:35  Baneling x8  
  195  11:36  Baneling x4  
  194  11:41  Zergling x10  
  194  11:42  Zergling x2  
  194  11:43  Zergling x2  
  200  11:47  Baneling  
  200  11:48  Baneling x8  
  200  11:51  Zergling x8  
  192  11:55  Zergling x8  
  192  12:01  Hive  
  188  12:02  Zergling x2  
  188  12:07  Baneling  
  188  12:08  Baneling x17  
  182  12:10  Zergling x6  
  180  12:20  Zergling x2  
  180  12:21  Zergling x24  
  192  12:23  Overseer  
  190  12:30  Zergling x14  
  190  12:31  Overlord  
  190  12:33  Baneling  
  190  12:34  Baneling x8  
  196  12:43  Hatchery  
  195  12:44  Overlord  
  195  12:48  Overlord  
  195  12:51  Zergling x20  
  197  13:08  Zergling x4  
  197  13:10  Spine Crawler  
  196  13:20  Zergling x4  
  196  13:21  Zergling x2  
  196  13:26  Ultralisk Cavern  
  198  13:30  Zergling x10  
  199  13:37  Zergling x18  
  199  13:38  Baneling x5  
  199  13:39  Baneling x16  
  199  13:47  Baneling x2  
  199  13:50  Zergling x2  
  199  13:54  Zergling x2  
  186  13:58  Zergling x2  
  186  14:00  Zergling x30  
  198  14:08  Zergling x16  
  198  14:09  Zergling x10  
  194  14:10  Baneling x2  
  194  14:11  Baneling x16  
  194  14:16  Zergling x10  
  182  14:17  Baneling  
  182  14:21  Zergling x2  
  182  14:22  Zergling x2  
  182  14:23  Zergling x2  
  182  14:24  Zergling x4  
  172  14:26  Baneling x3  

Tags
 
Add a new tag
Caveats
  • Supply blocks, unpowered buildings, or Contaminate may cause inaccurate times.
  • Supply counts are checked every 10 seconds.